 Dungeon Crawl Stone Soup version 0.26-a0-540-g8a0c9464d7 (webtiles) character file.

Game seed: 3929599904481909843

97 Eifo4Ohj9gu9Dob0ohLe the Chopper (level 5, 0/42 HPs)
             Began as a Human Berserker on Aug 15, 2020.
             Was a Believer of Trog.
             Slain by Natasha (7 damage)
             ... on level 2 of the Dungeon.
             The game lasted 00:06:06 (1606 turns).

Eifo4Ohj9gu9Dob0ohLe the Chopper (Human Berserker)  Turns: 1606, Time: 00:06:07

Health: 0/42       AC:  2    Str: 19    XL:     5   Next: 0%
Magic:  5/5        EV: 12    Int:  7    God:    Trog [**....]
Gold:   58         SH:  0    Dex: 12    Spells: 4/4 levels left

rFire    . . .     SeeInvis .   a - +0 hand axe
rCold    . . .     Faith    .   (no shield)
rNeg     . . .     Spirit   .   b - +0 animal skin
rPois    .         Reflect  .   (no helmet)
rElec    .         Harm     .   (no cloak)
rCorr    .                      (no gloves)
MR       .....                  (no boots)
Stlth    +.........             (no amulet)
HPRegen  0.14/turn              (no ring)
MPRegen  0.09/turn              (no ring)

@: berserk cooldown, slowed, very slow
A: no striking features
a: Berserk, Trog's Hand, Renounce Religion


You were on level 2 of the Dungeon.
You worshipped Trog.
Trog was pleased with you.
You visited 1 branch of the dungeon, and saw 2 of its levels.

You collected 58 gold pieces.

Inventory:

Hand Weapons
 a - a +0 hand axe (weapon)
 j - a +0 dagger
 k - a +0 short sword
 m - a +0 dagger
Armour
 b - a +0 animal skin (worn)
 e - a +0 robe
Jewellery
 d - a +6 ring of intelligence {unknown}
Scrolls
 h - a scroll of identify {unknown}
 i - a scroll of random uselessness {unknown}
 l - a scroll of teleportation {unknown}
Potions
 c - a potion of stabbing {unknown}
 f - a potion of berserk rage {unknown}
 g - a potion of mutation {unknown}


   Skills:
 + Level 3.6 Fighting
 + Level 4.4 Axes
 + Level 2.0 Armour
 + Level 2.4 Dodging
 + Level 0.2 Stealth


You had 4 spell levels left.
You didn't know any spells.
Your spell library was empty.

Dungeon Overview and Level Annotations

Branches:
Dungeon (2/15)

Altars:
Kikubaaqudgha

Annotations:
D:2 Natasha


Message History

You feel the power of Trog in you as your rage grows.
You kill the crimson imp!
You slash the jackal!
You kill the jackal!
Trog accepts your kill.
You have reached level 5!
You slash the shadow imp!
You kill the shadow imp!
You hear some strange, mumbled words.
Something tries to affect you, but you resist.
You hear some strange, mumbled words.
A magic dart appears from out of thin air!
The magic dart hits you!
* * * LOW HITPOINT WARNING * * *
You barely miss something.
You are no longer berserk.
You are exhausted.
You feel as though you will be slow longer.
Something claws you!
You die...

###########
#.........#
#.###'###.#
## #@#
#?..###{###
#.###l..+
###..###†###
.... #.# #
#..###)###..#
#...........#
#.###.##....#
.# #.####.##


You could see a frilled lizard.

Vanquished Creatures
  Natasha (D:2)
  A gnoll (D:2)
  An adder (D:2)
  An ooze (D:2)
  A dart slug (D:1)
  3 giant cockroaches
  10 goblins
  12 jackals
  4 bats
  2 frilled lizards
  4 kobolds (D:1)
  7 rats
47 creatures vanquished.

Notes
Turn   | Place    | Note
-------+----------+-------------------------------------------
     0 | D:1      | Eifo4Ohj9gu9Dob0ohLe the Human Berserker began the quest
                  | for the Orb.
     0 | D:1      | Reached XP level 1. HP: 18/18 MP: 1/1
   163 | D:1      | Reached XP level 2. HP: 16/24 MP: 2/2
   449 | D:1      | Reached XP level 3. HP: 29/29 MP: 3/3
   689 | D:1      | Reached ** piety under Trog
  1126 | D:2      | Reached skill level 4 in Axes
  1178 | D:2      | Reached XP level 4. HP: 24/35 MP: 4/4
  1278 | D:2      | Noticed Natasha
  1292 | D:2      | Killed Natasha
  1562 | D:2      | Found an ancient bone altar of Kikubaaqudgha.
  1583 | D:2      | Noticed Natasha
  1603 | D:2      | Reached XP level 5. HP: 19/42 MP: 5/5
  1606 | D:2      | Slain by Natasha

Illustrated notes

Levels and vault maps discovered:
D:1:      lemuel_arrival_river_passageway, layout_basic, st_stairs_10
D:2:      layout_loops_ring, lemuel_doored_altar, grunt_temple_overflow_open,
          minmay_fractal_squares_5, uniq_natasha, uniq_crazy_yiuf_cottage

Skill      XL: |  1  2  3 |
---------------+----------+-----
Axes           | 4 |  4.4
Fighting       | |  3.6
Armour         | |  2.0
Dodging        | |  2.4
Stealth        | |  0.2

Action                   |  1- 3 |  4- 6 || total
-------------------------+-------+-------++-------
Melee: Hand axe          |   103 |    48 ||   151
Invok: Berserk           |     1 |     2 ||     3
 Stab: Sleeping          |     1 |       ||     1
Armor: Animal skin       |    21 |     7 ||    28
Dodge: Dodged            |    63 |    27 ||    90

Table legend: (Time is in decaauts)
 A = Elapsed time spent in this place.
 B = Non-inter-level travel time spent in this place.
 C = Inter-level travel time spent in this place.
 D = Time resting spent in this place.
 E = Time spent auto-exploring this place.
 F = Levels seen in this place.
 G = Mean time per level.
                   A        B        C        D        E       F      G
               +--------+--------+--------+--------+--------+-----+--------+
         Total |   1653 |   1653 |      0 |    449 |    674 |   2 |  826.5 |
       Dungeon |   1653 |   1653 |      0 |    449 |    674 |   2 |  826.5 |
               +--------+--------+--------+--------+--------+-----+--------+

Top non-repeatable levels by time:
     D:1: 1137 daAuts
     D:2: 515 daAuts
